Map: Dusk Towers

Players

goreanddin - Winner!

  • Race: Terran Terran
  • League: Master

VOD

Have the link to the VOD?

Description

Time

  • Played on: June 18, 2016, 2 p.m.
  • Length: 6:49
Show
View Real Time Build Order
Export as new Build Order

goreanddin Terran - Winner!

Build Orders: MMM Bio 

Get SALT Encoding   

  12  0:02  SCV  
  12  0:14  SCV  
  12  0:18  Supply Depot  
  12  0:26  SCV  
  12  0:40  SCV  
  12  0:42  Barracks  
  12  0:45  Refinery  
  12  0:52  SCV  
  12  1:04  SCV  
  12  1:16  SCV  
  12  1:28  Orbital Command  
  12  1:29  Marine  
  12  1:43  Command Center  
  12  1:55  Factory  
  12  2:01  SCV  
  12  2:11  Barracks Reactor  
  12  2:13  SCV  
  12  2:17  Supply Depot  
  12  2:24  Engineering Bay  
  12  2:28  SCV  
  12  2:40  SCV  
  12  2:41  Barracks  
  12  2:52  SCV  
  12  2:55  Hellion  
  12  2:56  Hellion  
  12  2:57  Barracks Tech Lab  
  12  3:01  Orbital Command  
  12  3:05  SCV  
  12  3:16  Marine, Stimpack  
  12  3:18  SCV  
  12  3:21  Barracks  
  12  3:27  Refinery  
  12  3:28  SCV  
  12  3:29  Factory Tech Lab  
  12  3:34  Supply Depot  
  12  3:40  SCV x2  
  12  3:43  Refinery  
  12  3:44  Marine x2  
  12  3:45  Marauder  
  12  3:52  SCV x2  
  12  4:01  Starport  
  12  4:02  Marine x2  
  12  4:04  SCV, Factory Reactor  
  12  4:06  Marauder  
  12  4:13  Supply Depot  
  12  4:15  SCV  
  12  4:16  SCV  
  12  4:21  Marine  
  12  4:22  Concussive Shells, Marauder  
  12  4:29  SCV x2  
  12  4:35  Supply Depot  
  12  4:39  Marine x2, Marauder  
  12  4:41  SCV x2  
  12  4:43  Marauder  
  12  4:46  Supply Depot  
  12  4:48  Supply Depot  
  12  4:50  Medivac  
  12  4:51  Medivac  
  12  4:53  SCV  
  12  4:57  SCV  
  12  5:01  Supply Depot  
  12  5:05  Marine, Marauder x2  
  12  5:06  Marine  
  12  5:10  Combat Shields  
  12  5:16  Engineering Bay  
  12  5:17  SCV  
  12  5:18  SCV  
  12  5:23  Marine  
  12  5:26  Marine, Marauder x2  
  12  5:31  Supply Depot, SCV x2  
  12  5:43  SCV x2  
  12  5:44  Liberator  
  12  5:50  Supply Depot  
  12  5:58  SCV x2  
  12  6:00  Command Center  
  12  6:06  Refinery  
  12  6:08  Factory Reactor  
  12  6:17  SCV x2  
  12  6:23  Marine  
  12  6:24  Marine, Marauder x2  
  12  6:28  Barracks  
  12  6:29  Barracks  
  12  6:30  SCV x2  
  12  6:34  Supply Depot  
  12  6:35  Supply Depot  
Tags
 
Composition
MMM Bio
League
Master
Race
Terran
Add a new tag
Caveats
  • Supply blocks, unpowered buildings, or Contaminate may cause inaccurate times.
  • Supply counts are checked every 10 seconds.